 Dungeon Crawl Stone Soup version 0.28.0-53-g5a82cb258f (webtiles) character file.

Game seed: 123279315786766712

227247 Infinimo the Shatterer (level 19, -9/127 HPs)
             Began as a Gargoyle Berserker on June 17, 2022.
             Was the Champion of Trog.
             Mangled by an orc warlord
             ... wielding a +0 long sword
              (39 damage)
             ... on level 3 of the Vaults.
             The game lasted 00:41:22 (35595 turns).

Infinimo the Shatterer (Gargoyle Berserker)        Turns: 35595, Time: 00:41:23

Health: -9/127     AC: 41    Str: 33    XL:     19   Next: 38%
Magic:  19/19      EV:  9    Int:  5    God:    Trog [******]
Gold:   2052       SH: 14    Dex:  9    Spells: 18/18 levels left

rFire   . . .      SeeInvis .   K - +4 demon whip (venom)
rCold   + . .      Faith    .   k - +0 kite shield
rNeg    + . .      Spirit   .   A - +0 plate armour
rPois   ∞          Reflect  .   R - +0 helmet
rElec   +          Harm     .   J - scarf {repulsion}
rCorr   .          Rampage  ∞   j - +0 pair of gloves
Will    +....                   l - +3 pair of seven-league boots {Rampage+∞}
Stlth   ..........              T - amulet of regeneration
HPRegen 1.11/turn               b - +4 ring of slaying
MPRegen 0.16/turn               S - ring of Rash {Fly rPois rC+ Str+4 Int-3}

@: on berserk cooldown, flying, slowed, studying 2 skills, repel missiles, very
slow
A: sickness immunity, AC +14, big wings, negative energy resistance 1,
electricity resistance, torment resistance 1, petrification resistance
}: 1/15 runes: gossamer
a: Renounce Religion, Berserk, Trog's Hand, Brothers in Arms


You were on level 3 of the Vaults.
You worshipped Trog.
Trog was exalted by your worship.
You visited 5 branches of the dungeon, and saw 30 of its levels.
You also visited: Ice Cave.

You collected 3475 gold pieces.
You spent 1423 gold pieces at shops.

Inventory:

Hand Weapons
 n - a +1 eveningstar of flaming
 K - a +4 demon whip of venom (weapon)
 U - a +2 morningstar of freezing
Missiles
 d - a throwing net (quivered)
Armour
 j - a +0 pair of gloves (worn)
 k - a +0 kite shield (worn)
 l - the +3 pair of seven-league boots (worn) {Rampage+∞}
   (You acquired it on level 2 of the Orcish Mines)

   Its wearer moves as far as possible in that direction when moving towards
   enemies.
 A - a +0 plate armour (worn)
 J - a scarf of repulsion (worn)
 R - a +0 helmet (worn)
Jewellery
 b - a +4 ring of slaying (left hand)
 H - a ring of see invisible
 S - the ring of Rash (right hand) {Fly rPois rC+ Str+4 Int-3}
   (You found it in an ice cave)

   [ring of flight]

   Str:       It affects your strength (+4).
   Int:       It affects your intelligence (-3).
   rC:        It protects you from cold.
   rPois:     It protects you from poison.
   Fly:       It grants you flight.
 T - an amulet of regeneration (around neck)
Wands
 a - a wand of charming (14)
 c - a wand of iceblast (6)
 o - a wand of mindburst (16)
 u - a wand of flame (42)
 w - a wand of paralysis (11)
 C - a wand of acid (9)
 L - a wand of polymorph (9)
 N - a wand of digging (3)
Scrolls
 e - 4 scrolls of amnesia
 p - 8 scrolls of noise
 q - 3 scrolls of silence
 v - 13 scrolls of teleportation
 y - 20 scrolls of identify
 B - a scroll of fog
 G - 2 scrolls of magic mapping
 M - 2 scrolls of brand weapon
 O - a scroll of summoning
 P - 2 scrolls of enchant armour
Potions
 f - 12 potions of curing
 g - 5 potions of lignification
 h - 3 potions of cancellation
 i - 4 potions of haste
 m - 2 potions of might
 r - 3 potions of brilliance
 s - a potion of heal wounds
 t - 6 potions of flight
 x - 2 potions of degeneration
 z - 3 potions of invisibility
 D - a potion of berserk rage
 E - a potion of resistance
 F - 5 potions of mutation
 I - 6 potions of ambrosia
 Q - 2 potions of magic


   Skills:
 + Level 16.6 Fighting
 * Level 21.0 Maces & Flails
 + Level 19.0 Armour
 - Level 1.5 Dodging
 + Level 19.7 Shields


You had 18 spell levels left.
You didn't know any spells.
Your spell library was empty.

Dungeon Overview and Level Annotations

Branches:
Dungeon (15/15)            Temple (0/1) D:5            Lair (6/6) D:8
 Shoals (0/4) Lair:2       Spider (4/4) Lair:4        Slime (0/5) Lair:5
    Orc (2/2) D:11            Elf (0/3) Orc:2        Vaults (3/5) D:13
 Depths (0/4) D:15          IceCv (visited)
  Crypt: Vaults:2-3

Altars:
Cheibriados
Elyvilon
Okawaru
Ru
Vehumet
Xom
Zin
The Shining One
Jiyva

Shops:
D:7 ?   D:11 *   Orc:2 :*?(   Vaults:2 (


Innate Abilities, Weirdness & Mutations

You are immune to sickness and miasma.
Your stone body is resilient. (AC +14)
You are immune to poison.
Your large and strong wings let you fly.
You resist negative energy. (rN+)
You are resistant to electric shocks. (rElec)
You are resistant to unholy torment.
You are immune to petrification.


Message History

The orc warlord looks as sick as possible!
The orc warlord is severely wounded.
You block the orc knight's attack.
The orc warlord hits you with a +0 long sword!
You whack the orc warlord!
The orc warlord looks as sick as possible!
The orc warlord is severely wounded.
The orc knight barely misses you.
You hit the orc warlord.
The orc warlord looks as sick as possible!
The orc warlord is severely wounded.
The orc warlord blocks your attack.
The orc warlord is severely wounded.
The orc warlord hits you with a +0 long sword!!!
* * * LOW HITPOINT WARNING * * *
The orc knight hits you with a +3 bardiche!!
* * * LOW HITPOINT WARNING * * *
You block the orc knight's attack.
You hit the orc warlord.
The orc warlord looks as sick as possible!
The orc warlord is severely wounded.
The orc warlord blocks your attack.
The orc warlord is severely wounded.
The orc warlord hits you with a +0 long sword!
* * * LOW HITPOINT WARNING * * *
You block the orc knight's attack.
You hit the orc warlord but do no damage.
The orc warlord looks as sick as possible!
The orc warlord is severely wounded.
You block the orc knight's attack.
You feel a strong urge to attack something.
There is an open door here.
You are no longer berserk.
You are exhausted.
You feel yourself slow down.
Okay, then.
You feel much better.
The orc knight no longer looks unusually strong. x2
The orc warlord hits you with a +0 long sword!!!
You die...

####....#........ #...
........#........ #...
.......#........ #...
#.....#........ #...
#.....#........ #...
#.....#o)...... #...
#.(...#.o...... #...
#.....o........ #...
#....@#........ #...
+.....#........ #...
###.....#############...
........................
........................
...........†............
########################


You could see an orc warlord (strong, extremely poisoned) and 2 orc knights.

Vanquished Creatures
  Mara (Spider:4)
  Bai Suzhen (Spider:2)
  Roxanne (Spider:2)
  An azure jelly (IceCv)
  A deep elf sorcerer (Vaults:2)
  4 vault wardens
  4 ghost moths
  8 emperor scorpions (Spider:4)
  12 ironbound preservers
  2 broodmothers
  3 quicksilver oozes (IceCv)
  3 ironbound thunderhulks
  2 war gargoyles
  A dire elephant (Lair:6)
  5 entropy weavers
  2 spark wasps (Spider:3)
  The ghost of Kaptain the Geomancer, a journeyman GrEE (Orc:2)
  A crystal guardian (Vaults:3)
  An ettin (Orc:1)
  4 yaktaur captains
  2 rakshasas (D:15)
  8 hydras
  A great orb of eyes (D:15)
  2 vault guards (Vaults:2)
  An ice dragon (Lair:6)
  2 peacekeepers
  2 jorogumos (Spider:4)
  7 boulder beetles
  2 catoblepae
  11 centaur warriors
  4 radroaches
  4 ogre magi
  22 two-headed ogres
  13 death yaks
  3 ironbound frosthearts
  An orc high priest (Orc:2)
  The ghost of Dicout the Covert, a novice OpFi of Gozag (Lair:2)
  Nergalle (Lair:4)
  5 pharaoh ants
  3 skeletal warriors (D:14)
  19 deep trolls
  2 sun moths (Spider:3)
  16 orb spiders
  6 ironbound convokers
  A wizard (Vaults:2)
  A mana viper (shapeshifter) (D:15)
  2 orc knights (Vaults:3)
  3 lindwurms (Lair:6)
  3 harpies (Vaults:2)
  A necromancer (D:13)
  5 steelbarb worms
  2 orc sorcerers
  7 ugly things
  14 wolf spiders
  4 cyclopes
  5 elephants
  A moth of wrath (Spider:4)
  A stone giant skeleton (Vaults:1)
  3 ice statues (IceCv)
  6 black mambas
  18 cane toads
  11 torpor snails
  7 vault sentinels
  An elf skeleton (Vaults:1)
  6 demonic crawlers
  2 efreet (D:13)
  5 rime drakes
  16 yaktaurs
  9 komodo dragons
  3 entropy weaver simulacra (IceCv)
  A queen bee (Lair:2)
  11 trolls
  3 polar bears
  21 meliai
  3 tyrant leeches (Lair:6)
  37 tarantellas
  12 hornets
  42 slime creatures
  9 dream sheep
  7 blink frogs
  26 culicivoras
  34 jumping spiders
  A stone giant simulacrum (Vaults:1)
  A jumping spider (shapeshifter) (D:15)
  An ettin zombie (Vaults:1)
  A shadow (D:13)
  2 wraiths
  11 humans (D:13)
  40 yaks
  2 vampires (D:11)
  A wyvern (Lair:5)
  A basilisk (shapeshifter) (D:13)
  A human (shapeshifter) (D:14)
  7 basilisks
  11 vampire mosquitoes
  56 redbacks
  A redback simulacrum (D:15)
  A steam dragon (D:10)
  A warg (Orc:2)
  A demonic crawler simulacrum (IceCv)
  3 acid dragons
  13 water moccasins
  2 ugly thing simulacra (IceCv)
  13 orc warriors
  A black bear (Lair:1)
  2 ice beasts (D:5)
  The ghost of Zzerr the Chopper, an amateur MiGl (D:5)
  A sky beast (shapeshifter) (D:14)
  25 wolves
  16 centaurs
  28 ogres
  An elf simulacrum (Vaults:1)
  A phantom (D:5)
  3 kobold brigands
  Blork the orc (D:6)
  9 bullfrogs
  2 gnoll sergeants
  3 glowing shapeshifter simulacra (IceCv)
  A wyvern zombie (D:6)
  2 wyvern skeletons
  8 killer bees
  12 wights (D:7)
  3 howler monkeys
  An electric eel (Spider:4)
  7 centaur zombies
  2 bullfrog zombies
  A hound (D:7)
  9 orc priests
  3 centaur skeletons
  2 gnoll shamans (D:11)
  An iguana (D:5)
  12 orc wizards
  10 hell rats (Lair:1)
  A hound skeleton (D:5)
  17 gnolls
  4 adders
  2 white imps
  2 ufetubi
  69 orcs
  4 ball pythons
  8 bats
  10 endoplasms
  2 giant cockroaches
  2 goblins
  7 hobgoblins
  2 jackals (D:1)
  3 quokkas
  5 frilled lizards
  8 kobolds
  4 rats (D:1)
1028 creatures vanquished.

Vanquished Creatures (others)
  Nessos (Lair:6)
  A vault guard (D:13)
  A culicivora (Spider:3)
  An orc wizard (D:4)
  28 fungi
  41 plants
73 creatures vanquished.

Grand Total: 1101 creatures vanquished

Notes
Turn   | Place    | Note
-------+----------+-------------------------------------------
     0 | D:1      | Infinimo the Gargoyle Berserker began the quest for the
                  | Orb.
     0 | D:1      | Reached XP level 1. HP: 14/14 MP: 1/1
   190 | D:1      | Reached XP level 2. HP: 18/19 MP: 2/2
   741 | D:1      | Reached XP level 3. HP: 16/23 MP: 3/3
  1340 | D:2      | Reached ** piety under Trog
  2223 | D:3      | Reached skill level 4 in Maces & Flails
  2224 | D:3      | Reached XP level 4. HP: 29/29 MP: 4/4
  2376 | D:3      | Noticed a floating eye
  2378 | D:3      | Found a faded altar of an unknown god.
  2636 | D:3      | Noticed an eye of devastation
  2642 | D:3      | Noticed a floating eye
  2642 | D:3      | Noticed a shining eye
  2996 | D:4      | Reached XP level 5. HP: 26/33 MP: 5/5
  3061 | D:4      | Noticed an ogre
  3067 | D:4      | Killed an ogre
  3068 | D:4      | Reached skill level 5 in Maces & Flails
  3210 | D:4      | Reached XP level 6. HP: 34/39 MP: 6/6
  3623 | D:4      | Found a glowing silver altar of Zin.
  4118 | D:5      | Entered Level 5 of the Dungeon
  4118 | D:5      | Noticed an ice beast
  4125 | D:5      | Killed an ice beast
  4193 | D:5      | Found a staircase to the Ecumenical Temple.
  4215 | D:5      | Reached skill level 5 in Fighting
  4276 | D:5      | Noticed an ice beast
  4285 | D:5      | Killed an ice beast
  4286 | D:5      | Reached skill level 6 in Maces & Flails
  4286 | D:5      | Reached XP level 7. HP: 32/44 MP: 7/7
  4378 | D:5      | Found a transporter.
  4409 | D:5      | Found a transporter.
  4437 | D:5      | Noticed Zzerr's ghost (amateur MiGl)
  5034 | D:5      | Identified the +0 scale mail of Repulsion {*Slow rPois
                  | rCorr Str+2}
  5103 | D:5      | Killed Zzerr's ghost
  5104 | D:5      | Reached skill level 5 in Armour
  5249 | D:6      | Reached XP level 8. HP: 51/51 MP: 8/8
  5345 | D:6      | Noticed Blork the orc
  5364 | D:6      | Killed Blork the orc
  5365 | D:6      | Reached skill level 7 in Maces & Flails
  5365 | D:6      | Reached skill level 1 in Shields
  5841 | D:7      | Found Jegeuxt's Magic Scroll Boutique.
  5849 | D:7      | Bought a scroll of teleportation for 33 gold pieces
  5849 | D:7      | Bought 3 scrolls of teleportation for 99 gold pieces
  6576 | D:7      | Reached skill level 8 in Maces & Flails
  6576 | D:7      | Reached XP level 9. HP: 56/56 MP: 9/9
  6818 | D:7      | Reached skill level 5 in Shields
  6821 | D:7      | Reached *** piety under Trog
  7160 | D:8      | Found a staircase to the Lair.
  7527 | D:9      | Found a radiant altar of Vehumet.
  7527 | D:9      | Found a shimmering altar of Xom.
  7528 | D:9      | Found an iron altar of Okawaru.
  7581 | D:9      | Noticed a two-headed ogre
  7582 | D:9      | Noticed a troll
  7590 | D:9      | Killed a two-headed ogre
  7591 | D:9      | Reached skill level 9 in Maces & Flails
  7593 | D:9      | Killed a troll
  7594 | D:9      | Reached XP level 10. HP: 63/63 MP: 10/10
  8012 | D:10     | Entered Level 10 of the Dungeon
  8174 | D:10     | Found a glowing golden altar of the Shining One.
  8314 | D:10     | Reached skill level 10 in Maces & Flails
  8461 | D:10     | Identified the ring of Sloth {rC+ MP+9}
  8500 | D:10     | Found a sacrificial altar of Ru.
  8778 | D:10     | Found a snail-covered altar of Cheibriados.
  9148 | Lair:1   | Entered Level 1 of the Lair of Beasts
  9159 | Lair:1   | Noticed a cane toad
  9168 | Lair:1   | Killed a cane toad
  9187 | Lair:1   | Reached XP level 11. HP: 49/69 MP: 11/11
  9411 | Lair:1   | Reached **** piety under Trog
  9461 | Lair:1   | Reached skill level 11 in Maces & Flails
  9950 | Lair:1   | Reached skill level 10 in Shields
 10510 | Lair:2   | Found a transporter.
 10512 | Lair:2   | Found a transporter.
 10513 | Lair:2   | Noticed Dicout's ghost (novice OpFi)
 10638 | Lair:2   | Noticed a boulder beetle
 10651 | Lair:2   | Killed a boulder beetle
 10788 | Lair:2   | Found a staircase to the Shoals.
 10799 | Lair:2   | Reached skill level 12 in Maces & Flails
 10799 | Lair:2   | Reached XP level 12. HP: 76/76 MP: 12/12
 11715 | Lair:2   | Killed Dicout's ghost
 12004 | Lair:3   | Reached skill level 10 in Fighting
 12923 | Lair:3   | Identified the +3 falchion "Liekk" {pain, rElec rC+}
 13043 | Lair:4   | Noticed Nergalle
 13051 | Lair:4   | Killed Nergalle
 13123 | Lair:4   | Noticed a death yak
 13133 | Lair:4   | Reached skill level 13 in Maces & Flails
 13141 | Lair:4   | Killed a death yak
 13142 | Lair:4   | Reached skill level 10 in Armour
 13622 | Lair:4   | Identified the +2 robe "Syhuroz" {rPois Archmagi}
 13628 | Lair:4   | Reached ***** piety under Trog
 13629 | Lair:4   | Reached XP level 13. HP: 83/83 MP: 13/13
 14058 | Lair:4   | Found a hole to the Spider Nest.
 14661 | Lair:5   | Reached skill level 14 in Maces & Flails
 15440 | Lair:5   | Found a staircase to the Slime Pits.
 15440 | Lair:5   | Found a viscous altar of Jiyva.
 15875 | Lair:6   | Entered Level 6 of the Lair of Beasts
 16027 | Lair:6   | Noticed Nessos
 16041 | Lair:6   | Killed Nessos
 16462 | Lair:6   | Gained mutation: Your large and strong wings let you fly.
                  | [Gargoyle growth]
 16462 | Lair:6   | Reached XP level 14. HP: 62/90 MP: 14/14
 17333 | Lair:6   | Noticed a dire elephant
 17358 | Lair:6   | Killed a dire elephant
 17359 | Lair:6   | Reached skill level 15 in Maces & Flails
 17859 | Lair:6   | Found a runed translucent door.
 18551 | Lair:5   | Identified a scroll of acquirement
 18551 | Lair:5   | Acquired a +2 demon whip of venom
 18906 | D:11     | Reached skill level 15 in Shields
 19466 | D:11     | Found Juq Koxzeu's Neck Hole.
 19477 | D:11     | Bought a scarf of repulsion for 204 gold pieces
 19482 | D:11     | Bought an amulet of regeneration for 510 gold pieces
 20010 | D:11     | Received a gift from Trog
 20279 | D:11     | Found a staircase to the Orcish Mines.
 21091 | D:12     | Reached XP level 15. HP: 96/97 MP: 15/15
 21593 | D:13     | You are sucked into a shaft and drop 1 floor!
 21766 | D:13     | Reached skill level 16 in Maces & Flails
 21832 | D:13     | Found a gate to the Vaults.
 22278 | D:14     | Received a gift from Trog
 22816 | D:14     | Found a glowing golden altar of the Shining One.
 23102 | D:15     | Entered Level 15 of the Dungeon
 23547 | D:15     | Found a white marble altar of Elyvilon.
 23860 | D:15     | Found a staircase to the Depths.
 24046 | Orc:1    | Entered Level 1 of the Orcish Mines
 24115 | Orc:1    | Found a frozen archway.
 24136 | IceCv    | Entered an ice cave
 24200 | IceCv    | Received a gift from Trog
 24679 | IceCv    | Found a viscous altar of Jiyva.
 24679 | IceCv    | Noticed an azure jelly
 24693 | IceCv    | Killed an azure jelly
 24694 | IceCv    | Reached XP level 16. HP: 104/104 MP: 16/16
 24740 | IceCv    | Identified the ring of Rash {Fly rPois rC+ Str+4 Int-3}
 24918 | IceCv    | Reached skill level 17 in Maces & Flails
 25093 | Orc:1    | Acquired a manual of Armour
 25132 | Orc:1    | Paralysed by an orc sorcerer for 7 turns
 25411 | Orc:2    | Entered Level 2 of the Orcish Mines
 25880 | Orc:2    | Found Hueczupt's Magic Scroll Emporium.
 25884 | Orc:2    | Paralysed by something for 6 turns
 25988 | Orc:2    | Found Woevem's Book Shop.
 25994 | Orc:2    | Bought a scroll of fear for 56 gold pieces
 25994 | Orc:2    | Bought a scroll of teleportation for 48 gold pieces
 25994 | Orc:2    | Bought a scroll of teleportation for 48 gold pieces
 25996 | Orc:2    | Found Qarr's Antique Weapon Shoppe.
 25997 | Orc:2    | Found Cuwaniv's Assorted Antiques.
 26005 | Orc:2    | Bought a scroll of enchant weapon for 255 gold pieces
 26005 | Orc:2    | Bought a potion of heal wounds for 170 gold pieces
 26123 | Orc:2    | Found a staircase to the Elven Halls.
 26248 | Orc:2    | Found a transporter.
 26248 | Orc:2    | Noticed Kaptain's ghost (journeyman GrEE)
 26248 | Orc:2    | Identified the +8 great mace of the Ecumenical Temple
                  | {vorpal, rC+}
 26462 | Orc:2    | Found a transporter.
 26636 | Orc:2    | Killed Kaptain's ghost
 26652 | Orc:2    | Received a gift from Trog
 26684 | Orc:2    | Acquired the +3 pair of seven-league boots {Rampage+∞}
 26684 | Orc:2    | Found the +3 pair of seven-league boots {Rampage+∞}
 26940 | Spider:1 | Entered Level 1 of the Spider Nest
 27821 | Spider:1 | Reached skill level 18 in Maces & Flails
 28219 | Spider:2 | Reached skill level 15 in Armour
 28219 | Spider:2 | Reached XP level 17. HP: 110/112 MP: 17/17
 28660 | Spider:2 | Identified the +6 eveningstar of Duytzita {vorpal, rC+}
                  | (Trog gifted it to you on level 2 of the Spider Nest)
 28660 | Spider:2 | Received a gift from Trog
 28839 | Spider:2 | Identified Roxanne's Grimoire of Transformation
 28839 | Spider:2 | Noticed Roxanne
 28869 | Spider:2 | Killed Roxanne
 29707 | Spider:3 | Noticed Bai Suzhen
 29752 | Spider:2 | Killed Bai Suzhen
 30120 | Spider:3 | Received a gift from Trog
 30135 | Spider:3 | HP: 4/112 [demonic crawler (5)]
 30198 | Spider:3 | Reached skill level 15 in Fighting
 30353 | Spider:3 | Reached skill level 19 in Maces & Flails
 30827 | Spider:4 | Entered Level 4 of the Spider Nest
 31165 | Spider:4 | Noticed Mara
 31299 | Spider:4 | Received a gift from Trog
 31312 | Spider:4 | Reached XP level 18. HP: 119/119 MP: 18/18
 31326 | Spider:4 | Noticed Infinimo's illusion
 31405 | Spider:4 | Killed Mara
 31968 | Spider:4 | Got a gossamer rune of Zot
 31975 | Spider:4 | Identified the +1 pair of boots of Melancholy {Will+}
 32349 | Vaults:1 | Entered Level 1 of the Vaults
 32894 | Vaults:1 | Reached skill level 20 in Maces & Flails
 33157 | Vaults:1 | Reached ****** piety under Trog
 33742 | Vaults:1 | Received a gift from Trog
 34197 | Vaults:2 | Found Lablu's Antique Weapon Emporium.
 34444 | Vaults:2 | Reached XP level 19. HP: 125/125 MP: 19/19
 34566 | Vaults:2 | Received a gift from Trog
 34626 | Vaults:2 | Identified the +1 chain mail of the Disturbing Queens {Harm
                  | rF+++ MP-9 Dex-2}
 35410 | Vaults:3 | Reached skill level 21 in Maces & Flails
 35590 | Vaults:3 | HP: 9/190 [orc warlord/+0 long sword (9)]
 35595 | Vaults:3 | Mangled by an orc warlord

Illustrated notes

Levels and vault maps discovered:
D:1:      roderic_crop_circles_arrival_small, layout_loops_ring,
          palyth_stone_intersect, corexii_item_surrounded_by_moat
D:2:      cheibrodos_helix_gallery, layout_loops_ring
D:3:      layout_rooms, hellmonk_ecumenical_altar_watching_god
D:4:      layout_basic, mainiacjoe_overflow_surrounded_room, hex_medium
D:5:      layout_loops_ring, minmay_temple_entry_statues_fountains,
          gammafunk_ghost_mausoleum
D:6:      layout_cave_pools, uniq_blork_the_orc
D:7:      layout_gridville, serial_shops, shop
D:8:      layout_rooms, lair_entry_dummy
D:9:      layout_rooms, grunt_temple_overflow_open, kennysheep_generic_room_4
D:10:     layout_basic, mainiacjoe_overflow_24_doors, lemuel_doored_altar,
          mainiacjoe_overflow_cross_hatched
D:11:     kennysheep_seaside_town, layout_long_grid, hiddenorc1_lemuel,
          nicolae_shop_sticking_my_neck_out
D:12:     layout_loops_cross
D:13:     layout_irregular_city, ximxim_vaults_locker_room
D:14:     layout_loops_ring, nicolae_tso_swordbearing_angel
D:15:     gammafunk_enter_depths_forms, layout_rooms, elyvilon_altar_1
Lair:1:   layout_gridlike, serial_bayou_pond_b, minivault_24
Lair:2:   layout_cave_pods, minmay_shoals_entry_centaurs, gammafunk_ghost_hive
Lair:3:   layout_big_grid
Lair:4:   layout_loops_ring, hellmonk_spider_entry_life_and_decay,
          serial_bayou_shore_b, uniq_nergalle
Lair:5:   layout_cave_pods, slime_altar_1, grunt_megastairs_4
Lair:6:   wormcave, layout_cave_pods, hangedman_lair_in_review, uniq_nessos
Spider:1: layout_spider_delve, hangedman_spider_trapstep
Spider:2: layout_cave_pods, uniq_roxanne
Spider:3: layout_spider_delve, nicolae_spider_paper_wasps, uniq_bai_suzhen
Spider:4: grunt_spider_rune_circles, uniq_mara
Orc:1:    layout_caves, serial_shops, portal_ice_cave_entry_pillars_1,
          nicolae_orc_flooded_monolith
Orc:2:    st_orc_open, layout_caves, gammafunk_ghost_smash
Vaults:1: nicolae_vaults_three_branches, vaults_room_door_ring,
          hangedman_vaults_snaps, vaults_room_pool, hangedman_vaults_maws,
          vaults_room_door_ring, st_lines, layout_vaults_omnigrid
Vaults:2: v_misc_10, v_misc_4, grunt_vaults_hallway_long,
          grunt_vaults_hallway_short, nicolae_vaults_network_quinsquares
          [nicolae_vaults_network_quincunx_subvault,
          nicolae_vaults_network_quincunx_subvault,
          nicolae_vaults_network_quincunx_subvault,
          nicolae_vaults_network_quincunx_subvault], nicolae_vaults_theta,
          v_misc_13, v_misc_15, layout_vaults_omnicross, serial_shops,
          nicolae_shop_statue_plus
Vaults:3: nicolae_vaults_shelves_hall, v_rooms_5, vaults_room_door_hall,
          nicolae_vaults_network_star, minmay_crypt_entry_simple_plaza,
          nicolae_vaults_mini_display_case, v_misc_22, v_misc_29,
          ontoclasm_vaults_decontamination, vaults_mumra_hex,
          layout_vaults_big_room, uniq_jory

Skill      XL: |  1  2  3  4  5  6  7  8  9 10 11 12 13 14 15 16 17 18 19 |
---------------+----------------------------------------------------------+-----
Maces & Flails | 4 5 6 8 9 10 12 13 14 15 16 18 19 20 21 | 21.0
Armour         | 3 4 5 6 7 8 9 10 11 12 13 15 16 18 19 | 19.0
Fighting       | 4 5 6 7 8 9 10 11 12 13 14 15 16 | 16.6
Shields        | 4 6 8 10 12 14 15 16 17 18 19 | 19.7
Dodging        | |  1.5

Action                   |  1- 3 |  4- 6 |  7- 9 | 10-12 | 13-15 | 16-18 | 19-21 || total
-------------------------+-------+-------+-------+-------+-------+-------+-------++-------
Melee: Mace              |   138 |    84 |       |       |       |       |       ||   222
       Punch             |     2 |       |       |       |       |       |       ||     2
       Flail             |       |    16 |   112 |       |       |       |       ||   128
       Morningstar       |       |       |    63 |   459 |   444 |       |       ||   966
       Demon whip        |       |       |       |       |   713 |  1785 |   221 ||  2719
Invok: Berserk           |     2 |     4 |    11 |    10 |    29 |    37 |     3 ||    96
  Use: Scroll            |       |     8 |    10 |     5 |    13 |    15 |     1 ||    52
       Potion            |       |       |       |     1 |       |     2 |     1 ||     4
 Stab: Sleeping          |     1 |       |       |       |       |       |       ||     1
       Held in net/web   |       |       |       |       |       |     1 |       ||     1
Armor: Animal skin       |    85 |    17 |       |       |       |       |       ||   102
       Scale mail        |       |    37 |    75 |       |       |       |       ||   112
       Plate armour      |       |       |     4 |   215 |   485 |   914 |   105 ||  1723
Dodge: Dodged            |   111 |    45 |    45 |   106 |   194 |   376 |    32 ||   909
       Repelled          |       |       |       |       |     4 |     3 |       ||     7
Block: Other             |       |       |     6 |       |       |       |       ||     6
       Kite shield       |       |       |   124 |   395 |   686 |   942 |   110 ||  2257
       Reflection        |       |       |    10 |     9 |    14 |       |       ||    33
